Map: Praça Neon Violeta LE

Players

BryanSand

  • Race: Terran Terran
  • Spawn Location: 11:00

IagoAbreu - Winner!

  • Race: Zerg Zerg
  • League: Gold
  • Spawn Location: 5:00

VOD

Have the link to the VOD?

Description

Time

  • Played on: March 12, 2018, 1:49 p.m.
  • Length: 20:55
Show
View Real Time Build Order
Export as new Build Order

BryanSand Terran 

Build Orders: MMM Bio 

Get SALT Encoding   

  12  0:02  SCV  
  13  0:20  SCV  
  14  0:26  Supply Depot  
  14  0:32  SCV  
  14  0:33  Refinery  
  15  0:48  SCV  
  16  0:53  Barracks  
  16  1:00  Supply Depot  
  16  1:03  SCV  
  17  1:15  SCV  
  18  1:27  SCV, Supply Depot  
  19  1:49  Marine  
  19  1:51  Supply Depot  
  18  2:37  Barracks  
  18  2:38  Barracks  
  18  2:41  SCV  
  19  2:53  SCV  
  21  3:05  SCV  
  21  3:17  SCV  
  22  3:23  Bunker  
  22  3:26  Refinery  
  22  3:29  SCV  
  23  3:35  Marine  
  23  3:37  Marine  
  25  3:42  SCV  
  25  3:45  Barracks Tech Lab  
  25  3:53  Marine  
  25  3:54  SCV  
  25  4:06  SCV  
  26  4:18  SCV  
  27  4:30  Marine  
  28  4:33  Marine  
  27  4:45  SCV  
  24  4:48  Marine  
  24  4:50  Marine  
  24  4:55  Marine  
  24  4:57  SCV  
  26  5:06  Marine  
  27  5:08  Marine  
  27  5:09  SCV  
  27  5:13  Marine  
  30  5:21  SCV  
  30  5:24  Marine  
  32  5:30  Marine  
  32  5:33  SCV  
  34  5:36  Factory  
  34  5:45  SCV  
  35  5:58  SCV  
  35  5:59  Marine  
  35  6:00  Marine  
  35  6:01  Marine  
  39  6:10  SCV, Refinery  
  40  6:16  Marine  
  40  6:17  Command Center  
  41  6:18  Marine  
  41  6:22  SCV  
  41  6:24  Stimpack  
  43  6:39  Engineering Bay  
  43  6:45  Factory Tech Lab  
  43  6:56  Barracks Tech Lab  
  43  7:01  SCV, Barracks Tech Lab  
  44  7:13  SCV, Missile Turret  
  45  7:24  Missile Turret  
  45  7:25  SCV  
  45  7:28  Missile Turret  
  45  7:29  Siege Tank  
  49  7:37  SCV  
  50  7:48  Missile Turret  
  50  7:49  SCV  
  50  7:51  Missile Turret  
  51  8:02  SCV  
  52  8:14  SCV  
  53  8:26  SCV  
  54  8:38  SCV  
  55  8:42  Missile Turret  
  55  8:44  Missile Turret  
  55  8:50  SCV  
  56  8:59  Factory  
  56  9:05  SCV, Refinery  
  61  9:10  Marauder x2  
  61  9:18  SCV  
  62  9:27  Supply Depot  
  62  9:33  Supply Depot  
  62  9:36  Orbital Command  
  62  9:49  SCV, Siege Tank, Marauder x2  
  62  9:51  Supply Depot  
  70  9:55  Supply Depot, Marauder  
  72  10:01  SCV  
  73  10:09  Bunker  
  73  10:13  SCV  
  74  10:16  Marauder  
  76  10:30  Orbital Command  
  76  10:35  Combat Shields  
  76  10:37  Concussive Shells  
  76  11:12  Missile Turret  
  76  11:23  Marine x2  
  76  11:24  Marine  
  79  11:33  Missile Turret  
  79  11:41  Marine x3  
  82  11:54  Missile Turret  
  82  11:57  Factory Tech Lab  
  82  11:59  Marine x3  
  85  12:02  Siege Tank  
  88  12:14  Missile Turret, Supply Depot  
  88  12:17  Marine x3  
  91  12:27  Starport  
  91  12:34  Siege Tank, Missile Turret  
  91  12:35  Marine x3  
  97  12:37  Supply Depot  
  97  12:53  Marine x3  
  97  12:54  Missile Turret  
  93  12:59  Supply Depot  
  84  13:05  Starport  
  84  13:11  Marine x3  
  86  13:17  Missile Turret  
  86  13:18  Unknown  
  86  13:21  Supply Depot  
  86  13:28  Marine x3  
  89  13:40  Missile Turret  
  89  13:43  Starport  
  89  13:46  Marine x3  
  92  13:59  Missile Turret  
  92  14:04  Marine x3  
  95  14:13  Starport Tech Lab  
  95  14:14  Starport Tech Lab  
  95  14:22  Marine x3  
  98  14:33  Missile Turret  
  98  14:40  Marine x3  
  101  14:54  Fusion Core  
  101  14:57  Marine x3, Missile Turret  
  104  15:02  Supply Depot  
  104  15:15  Marine x3  
  107  15:25  Siege Tank x2, Supply Depot  
  113  15:49  Supply Depot  
  113  15:55  Starport Tech Lab  
  113  16:11  Supply Depot  
  113  16:48  Viking x2  
  113  16:49  Viking  
  119  17:17  Missile Turret  
  119  17:18  Viking x2  
  119  17:19  Viking  
  125  17:37  Missile Turret  
  125  17:46  Supply Depot  
  125  17:48  Viking x2  
  125  17:49  Viking  
  131  17:56  Marine x3  
  131  17:57  Missile Turret  
  134  18:08  Supply Depot  
  134  18:14  Marine x3  
  134  18:18  Viking x2  
  134  18:19  Viking  
  121  18:32  Marine x3, Supply Depot  
  100  18:48  Viking x2  
  92  18:49  Marine x2, Viking  
  92  18:50  Marine  
  92  18:55  Supply Depot  
  93  19:07  Marine x2  
  75  19:18  Supply Depot  
  55  19:32  Viking  
  55  19:33  Viking x2  
  57  19:42  Supply Depot  
  31  20:02  Viking  
  31  20:03  Viking x2  
Show
View Real Time Build Order
Export as new Build Order

IagoAbreu Zerg - Winner!

Build Orders: Pool First 

Get SALT Encoding   

  12  0:19  Spawning Pool  
  11  0:24  Drone  
  11  0:27  Drone  
  13  0:36  Overlord  
  13  0:42  Drone  
  14  0:50  Extractor  
  13  1:06  Queen  
  13  1:08  Zergling x6  
  18  1:19  Drone  
  19  1:34  Drone  
  20  1:43  Drone  
  21  2:05  Hatchery  
  20  2:10  Zergling x4  
  21  2:24  Overlord x2  
  21  2:56  Drone x2  
  21  2:57  Drone  
  24  3:00  Zergling x6  
  24  3:03  Lair  
  27  3:25  Drone x2  
  29  3:30  Extractor  
  29  3:33  Roach Warren  
  27  3:34  Drone x3  
  30  3:42  Drone x3  
  31  4:14  Drone  
  36  4:17  Roach x3, Zergling x2  
  36  4:18  Zergling x2  
  35  5:00  Spire  
  34  5:09  Hatchery  
  33  5:15  Drone x3  
  33  5:20  Drone x3  
  37  5:36  Drone  
  37  5:37  Drone x2  
  37  5:41  Extractor  
  37  5:42  Extractor  
  38  5:48  Queen  
  40  5:51  Drone, Extractor  
  40  5:53  Extractor  
  39  6:13  Corruptor x2  
  39  6:16  Overlord x2  
  43  6:22  Mutalisk  
  43  6:23  Mutalisk x2  
  49  6:52  Infestation Pit  
  48  6:54  Drone  
  48  6:55  Drone x2  
  48  6:56  Queen  
  53  7:20  Drone x2  
  55  7:32  Corruptor x2  
  55  7:33  Corruptor x2  
  63  7:42  Overlord x3  
  63  8:03  Drone  
  64  8:19  Overseer x3  
  64  8:24  Mutalisk  
  64  8:25  Mutalisk x2  
  64  8:26  Mutalisk x2  
  74  8:29  Overlord x5  
  74  9:30  Corruptor x3  
  74  9:31  Mutalisk x5  
  80  9:37  Drone x2  
  80  9:38  Drone  
  93  10:28  Zergling x6  
  95  10:29  Roach x6  
  108  10:39  Hive  
  108  10:58  Drone x3  
  111  11:08  Overlord x2  
  111  11:11  Overlord x2  
  114  11:33  Swarm Host, Infestor x2  
  114  11:35  Swarm Host  
  127  11:46  Burrow  
  127  11:56  Greater Spire  
  127  12:05  Spire  
  126  12:31  Corruptor x3  
  126  12:32  Corruptor x2  
  126  12:34  Hatchery  
  135  12:45  Pneumatized Carapace  
  117  13:42  Zerg Flyer Weapons Level 1  
  117  13:44  Zerg Flyer Armor Level 1  
  117  13:54  Brood Lord x5  
  117  13:55  Brood Lord x2  
  131  13:56  Brood Lord  
  131  14:02  Corruptor x2  
  137  14:08  Drone x3  
  140  14:44  Viper x3  
  149  14:46  Corruptor  
  149  14:49  Overlord x2  
  149  14:50  Overlord  
  151  15:27  Overlord  
  151  16:24  Overlord  
  151  16:25  Overlord x4  
  151  16:26  Corruptor x3  
  151  16:27  Mutalisk x3, Corruptor  
  151  16:28  Mutalisk x3  
  151  16:30  Zergling x6  
  151  16:31  Roach  
  176  16:57  Zerg Flyer Weapons Level 2  
  176  16:59  Zerg Flyer Armor Level 2  
  176  17:24  Corruptor x4  
  176  17:25  Mutalisk x5  
  176  17:26  Mutalisk, Corruptor x2  
  150  18:31  Mutalisk x4  
  150  18:32  Mutalisk x5  
  150  18:33  Mutalisk x4  
  146  19:02  Mutalisk x3  
  148  19:03  Mutalisk  
  129  19:51  Zergling x2  
  129  19:52  Zergling x10  
  133  19:53  Zergling x8, Corruptor x2  
Tags
 
Composition
MMM Bio
League
Gold
Matchup
TvZ
Opening
Pool First
Spawn Locations
Cross Positions
Add a new tag
Caveats
  • Supply blocks, unpowered buildings, or Contaminate may cause inaccurate times.
  • Supply counts are checked every 10 seconds.